 Dungeon Crawl Stone Soup version 0.26-a0-661-g406de6ba63 (webtiles) character file.

Game seed: 13299398397502570726

57 sahdkjhfkaj the Skirmisher (level 4, -1/40 HPs)
             Began as a Hill Orc Fighter on Oct 8, 2020.
             Slain by a tengu (4 damage)
             ... on level 4 of the Dungeon.
             The game lasted 00:02:02 (1369 turns).

sahdkjhfkaj the Skirmisher (Hill Orc Fighter)       Turns: 1369, Time: 00:02:02

Health: -1/40      AC:  5    Str: 19    XL:     4   Next: 0%
Magic:  4/4        EV:  5    Int:  8    God:
Gold:   120        SH:  9    Dex: 10    Spells: 3/3 levels left

rFire    . . .     SeeInvis .   a - +0 war axe
rCold    . . .     Faith    .   c - +0 kite shield
rNeg     . . .     Spirit   .   p - +0 chain mail
rPois    .         Reflect  .   (no helmet)
rElec    .         Harm     .   (no cloak)
rCorr    .         Rampage  .   (no gloves)
MR       .....     Rnd*Tele +   (no boots)
Stlth    ..........             (no amulet)
HPRegen  0.13/turn              q - -4 ring of protection (curse)
MPRegen  0.09/turn              g - ring of teleportation (curse)

@: brilliant, lethally poisoned (-1 -> -4)
A: no striking features
a: no special abilities


You were on level 4 of the Dungeon.
You visited 1 branch of the dungeon, and saw 3 of its levels.

You collected 120 gold pieces.

Inventory:

Hand Weapons
 a - a +0 war axe (weapon)
Missiles
 n - 3 curare-tipped darts (quivered)
Armour
 c - a +0 kite shield (worn)
 p - a +0 chain mail (worn)
Jewellery
 b - an uncursed ring of resist corrosion
 g - a cursed ring of teleportation (right hand)
 o - an uncursed ring of fire
 q - a cursed -4 ring of protection (left hand)
Wands
 r - a wand of polymorph (3)
Scrolls
 j - a scroll of teleportation
 l - a scroll of noise {unknown}
 m - a scroll of enchant armour
Potions
 d - a potion of might
 e - a potion of brilliance
 f - a potion of degeneration {unknown}
 h - a potion of heal wounds {unknown}
 k - a potion of resistance {unknown}


   Skills:
 + Level 4.1 Fighting
 * Level 4.0 Axes
 + Level 3.7 Armour
 + Level 3.7 Shields


You had 3 spell levels left.
You didn't know any spells.
Your spell library was empty.

Dungeon Overview and Level Annotations

Branches:
Dungeon (2/15)

Altars:


Message History

You block the tengu's attack. The adder bites you.
You are poisoned.
The adder poisons you! You block the orc's attack.
You closely miss the tengu. You hit the orc but do no damage.
You hit the adder.
You feel sick. The adder bites you but does no damage. The tengu hits you.
* * * LOW HITPOINT WARNING * * *
The tengu pecks you.
* * * LOW HITPOINT WARNING * * *
You block the tengu's attack. The orc hits you with a +0 whip.
* * * LOW HITPOINT WARNING * * *
The adder bites you.
* * * LOW HITPOINT WARNING * * *
Unknown command.
You slash the tengu!
The tengu is heavily wounded.
You hit the orc but do no damage. You miss the adder.
* * * LOW HITPOINT WARNING * * *
You feel sick.
You block the tengu's attack. x2; The tengu claws you.
You die...

####### #.$...#
#.....#######
+)...........
#............
#..S......!..
#.@Q.........
#########o#........
#..................
###..................
..........)$..$......
............########
............#
####.......#
#.......#


You could see a tengu, an adder and an orc.

Vanquished Creatures
  An adder (D:2)
  A worm (D:2)
  5 dart slugs
  2 giant cockroaches
  7 goblins
  3 hobgoblins
  3 frilled lizards
  9 kobolds
  6 rats
37 creatures vanquished.

Notes
Turn   | Place    | Note
-------+----------+-------------------------------------------
     0 | D:1      | sahdkjhfkaj the Hill Orc Fighter began the quest for the
                  | Orb.
     0 | D:1      | Reached XP level 1. HP: 19/19 MP: 1/1
   112 | D:1      | Reached XP level 2. HP: 27/27 MP: 2/2
   356 | D:1      | Reached XP level 3. HP: 28/33 MP: 3/3
  1299 | D:2      | Reached XP level 4. HP: 40/40 MP: 4/4
  1345 | D:2      | You fall into a shaft and drop 2 floors!
  1365 | D:4      | Noticed a tengu
  1365 | D:4      | a scorpion changed into a tengu
  1369 | D:4      | Slain by a tengu

Illustrated notes

Levels and vault maps discovered:
D:1:      dpeg_arrival_rhombus, layout_rooms
D:2:      layout_loops_ring, nemelex_lonely_heart_becter
D:4:      layout_basic, nicolae_overflow_hidden_temple, minitemple

Skill      XL: |  1  2  3 |
---------------+----------+-----
Axes           | 3 4 |  4.0
Fighting       | 4 |  4.1
Armour         | |  3.7
Shields        | |  3.7

Action                   |  1- 3 |  4- 6 || total
-------------------------+-------+-------++-------
Melee: War axe           |    97 |     7 ||   104
Evoke: Wand              |       |     4 ||     4
  Use: Scroll            |     3 |       ||     3
       Potion            |       |     3 ||     3
Armor: Scale mail        |    26 |       ||    26
       Chain mail        |    17 |    13 ||    30
Dodge: Dodged            |    20 |     8 ||    28
Block: Kite shield       |    49 |    16 ||    65

Table legend: (Time is in decaauts)
 A = Elapsed time spent in this place.
 B = Non-inter-level travel time spent in this place.
 C = Inter-level travel time spent in this place.
 D = Time resting spent in this place.
 E = Time spent auto-exploring this place.
 F = Levels seen in this place.
 G = Mean time per level.
                   A        B        C        D        E       F      G
               +--------+--------+--------+--------+--------+-----+--------+
         Total |   1407 |   1380 |     27 |      0 |   1088 |   3 |  469.0 |
       Dungeon |   1407 |   1380 |     27 |      0 |   1088 |   3 |  469.0 |
               +--------+--------+--------+--------+--------+-----+--------+

Top non-repeatable levels by time:
     D:2: 721 daAuts
     D:1: 659 daAuts
     D:4: 26 daAuts
